 Dungeon Crawl Stone Soup version 0.28-a0-425-gd0eccab798 (webtiles) character file.

Game seed: 319043361237962733

1850 dolemite99 the Spear-Bearer (level 8, -1/53 (62) HPs)
             Began as a Minotaur Gladiator on Sept 10, 2021.
             Was a Believer of Nemelex Xobeh.
             Slain by an iguana (10 damage)
             ... on level 7 of the Dungeon.
             The game lasted 00:07:22 (6175 turns).

dolemite99 the Spear-Bearer (Minotaur Gladiator)    Turns: 6175, Time: 00:07:22

HP:   -1/53 (62)    AC: 12    Str: 20    XL:     8   Next: 88%
MP:   10/10         EV:  7    Int:  5    God:    Nemelex Xobeh [**....]
Gold: 319           SH:  0    Dex: 13    Spells: 7/7 levels left

rFire   . . .      SeeInvis .   a - +2 halberd (venom)
rCold   . . .      Faith    .   (shield currently unavailable)
rNeg    . . .      Spirit   .   A - +0 plate armour
rPois   .          Reflect  .   c - +0 hat
rElec   .          Harm     .   (no cloak)
rCorr   .          Rampage  .   (no gloves)
Will    +....                   (no boots)
Stlth   ..........              (no amulet)
HPRegen 0.17/turn               m - ring of willpower
MPRegen 0.12/turn               (no ring)

@: heavily drained
A: horns 2, retaliatory headbutt
a: Renounce Religion, Draw Escape, Draw Destruction, Draw Summoning


You were on level 7 of the Dungeon.
You worshipped Nemelex Xobeh.
Nemelex Xobeh was pleased with you.
You visited 2 branches of the dungeon, and saw 8 of its levels.

You collected 319 gold pieces.

Inventory:

Hand Weapons
 a - a +2 halberd of venom (weapon)
 b - a +1 vampiric trident
 t - a +0 trident
 u - a +0 flail of protection
 x - a +2 war axe of electrocution
Missiles
 d - 3 throwing nets
 e - 53 arrows
 f - 199 stones
 h - 8 silver javelins (quivered)
 j - 30 bolts
 w - 18 poisoned darts
Armour
 c - a +0 hat (worn)
 A - a +0 plate armour (worn)
Jewellery
 m - a ring of willpower (left hand)
Wands
 r - a wand of flame (27)
Scrolls
 i - 3 scrolls of amnesia
 o - a scroll of vulnerability
 q - a scroll of magic mapping
 s - a scroll of holy word {unknown}
 y - a scroll of teleportation {unknown}
 B - a scroll of blinking {unknown}
Potions
 g - a potion of curing {unknown}
 l - 3 potions of ambrosia
 n - 3 potions of brilliance
 p - a potion of mutation {unknown}
 v - 2 potions of attraction
 z - 2 potions of haste {unknown}


   Skills:
 - Level 2.4 Fighting
 - Level 11.6 Polearms
 - Level 2.0 Throwing
 + Level 5.3 Armour
 - Level 3.2 Dodging
 + Level 4.4 Invocations


You had 7 spell levels left.
You didn't know any spells.
Your spell library contained the following spells:

 Spells                   Type           Power      Damage    Failure   Level
 Beastly Appendage        Tmut           0%         N/A       100%        1
 Sandblast                Erth           0%         2d4       100%        1
 Passwall                 Tmut/Erth      0%         N/A       100%        2
 Sublimation of Blood     Necr           0%         N/A       100%        2
 Wereblood                Tmut           0%         N/A       100%        2
 Spider Form              Tmut/Pois      0%         N/A       100%        3
 Stone Arrow              Conj/Erth      0%         3d7       100%        3
 Cause Fear               Hex            0%         N/A       100%        4
 Dragon Form              Tmut           0%         N/A       100%        7
 Summon Hydra             Summ           0%         N/A       100%        7
 Dragon's Call            Summ           0%         N/A       100%        9


Dungeon Overview and Level Annotations

Branches:
Dungeon (7/15)             Temple (1/1) D:6

Altars:
Ashenzari
Cheibriados
Dithmenos
Elyvilon
Gozag
Hepliaklqana
Kikubaaqudgha
Makhleb
Nemelex Xobeh
Okawaru
Qazlal
Ru
Sif Muna
Trog
Uskayaw
Vehumet
Wu Jian
Xom
Zin
The Shining One

Annotations:
D:3 2 transporters, Phlounder's ghost, weakling DjTm


Innate Abilities, Weirdness & Mutations

You have a pair of horns on your head.
You reflexively headbutt those who attack you in melee.


Message History

You puncture the wight!
The wight is severely damaged.
The wight closely misses you. You furiously retaliate!
You headbutt the wight, but do no damage.
You can't go up here!
You completely miss the wight. Your headbutt misses the wight.
The wight is severely damaged.
The wight hits you from afar with a +5 trident!
You feel drained. The wight hits you with a +5 scimitar!
You feel drained.
Okay, then.
The wight hits you with a +5 scimitar!
* * * LOW HITPOINT WARNING * * *
You feel drained.
* * * LOW HITPOINT WARNING * * *
Okay, then.
As you read the scroll labelled YGEUPOA NOPO, it crumbles to dust.
You hear a loud clanging noise!
It was a scroll of noise.
You hear an angry hiss.
You hear a shout!
The wight hits you with a +5 scimitar.
* * * LOW HITPOINT WARNING * * *
A centaur zombie comes into view.
Found 4 large rocks.
Found a stone staircase leading up.
An iguana comes into view.
The centaur zombie closely misses you.
The centaur zombie kicks you but does no damage.
The centaur zombie hits you but does no damage.
The centaur zombie kicks you but does no damage.
The iguana bites you but does no damage.
Found a scroll of identify.
The centaur zombie barely misses you.
The centaur zombie kicks you but does no damage.
Nemelex Xobeh deals you some cards!
You now have 4 escape cards, 10 destruction cards and 5 summoning cards.
You draw a card...
You have drawn Velocity.
The wight seems to slow down. x2
As you read the scroll labelled MAACZO CIYSI, it crumbles to dust.
You feel aware of your surroundings.
You sensed 1 altar.
It was a scroll of magic mapping.
The iguana bites you!
You die...
Your body glows slightly and disappears.

*,,,*,,, *,,,*,_,
**,,,*,,, *>,,,**,* ###*
*,,,,,*,* ##..###
****,,,,*,* #.....##
**,,,,,,,*,* #......##
*,,,,,,,,*+* *#...@..#
**,,,,,,,,,, ###zl..#
**,,,,,,,,**
###...#**,,,,,,,,,,,
#....##*,,,,,,,,,,,,
##.z.#,,#,,,,,,,,,,,
##zZ#..#..,,,*,,,,,
##.........#,,**,,,,
###..#.z....##,,,,,,**
#####.?..#......#*,,,,,**


You could see an iguana, 4 wights and a centaur zombie.

Vanquished Creatures
  Grinder (D:3)
  Edmund (D:6)
  An orc warrior (D:6)
  A sky beast (D:5)
  2 necrophages
  2 ogres
  3 phantoms
  A scorpion (D:5)
  A wyvern zombie (D:6)
  A centaur zombie (D:6)
  A jelly (D:6)
  5 hounds
  A centaur skeleton (D:7)
  A bullfrog skeleton (D:6)
  A gnoll shaman (D:5)
  3 iguanas
  An orc wizard (D:3)
  A scorpion zombie (D:5)
  A hound skeleton (D:4)
  10 gnolls
  2 adders
  A white imp (D:5)
  3 dart slugs
  14 orcs
  10 ball pythons
  5 endoplasms
  5 giant cockroaches
  8 goblins
  6 hobgoblins
  5 kobolds
  2 quokkas
  3 bats
  6 frilled lizards
  5 rats
114 creatures vanquished.

Vanquished Creatures (others)
  11 plants
11 creatures vanquished.

Grand Total: 125 creatures vanquished

Notes
Turn   | Place    | Note
-------+----------+-------------------------------------------
     0 | D:1      | dolemite99 the Minotaur Gladiator began the quest for the
                  | Orb.
     0 | D:1      | Reached XP level 1. HP: 18/18 MP: 0/0
    56 | D:1      | Reached skill level 4 in Polearms
   301 | D:1      | Reached XP level 2. HP: 25/25 MP: 1/1
   483 | D:1      | Reached skill level 5 in Polearms
   539 | D:1      | Reached XP level 3. HP: 29/30 MP: 2/2
  1125 | D:2      | Noticed an ogre
  1140 | D:2      | Killed an ogre
  1141 | D:2      | Reached skill level 6 in Polearms
  1141 | D:2      | Reached XP level 4. HP: 26/37 MP: 3/3
  1261 | D:2      | Found a faded altar of an unknown god.
  1442 | D:2      | Reached XP level 5. HP: 39/42 MP: 4/4
  1595 | D:2      | Reached skill level 7 in Polearms
  1898 | D:3      | Found a transporter.
  1986 | D:3      | Noticed Phlounder's ghost (weakling DjTm)
  2002 | D:3      | Found a transporter.
  2058 | D:3      | Noticed Grinder
  2064 | D:3      | Killed Grinder
  2065 | D:3      | Reached skill level 8 in Polearms
  2065 | D:3      | Reached XP level 6. HP: 41/50 MP: 5/5
  2324 | D:3      | Found a sparkling altar of Nemelex Xobeh.
  2332 | D:3      | Became a worshipper of Nemelex Xobeh the Trickster
  2623 | D:4      | Reached skill level 9 in Polearms
  3236 | D:4      | Reached XP level 7. HP: 56/56 MP: 6/6
  3428 | D:5      | Entered Level 5 of the Dungeon
  3836 | D:5      | Reached skill level 10 in Polearms
  3902 | D:5      | Found a faded altar of an unknown god.
  3902 | D:5      | Found a hazy altar of Hepliaklqana.
  3913 | D:5      | Found a faded altar of an unknown god.
  4208 | D:5      | Reached skill level 11 in Polearms
  4353 | D:5      | Reached * piety under Nemelex Xobeh
  4369 | D:5      | Reached XP level 8. HP: 62/62 MP: 7/7
  4741 | D:5      | Received a gift from Nemelex Xobeh
  4807 | D:5      | Reached skill level 1 in Armour
  4807 | D:5      | Reached skill level 1 in Invocations
  5348 | D:6      | Found a staircase to the Ecumenical Temple.
  5380 | Temple   | Entered the Ecumenical Temple
  5827 | D:6      | Noticed Edmund
  5836 | D:6      | Killed Edmund
  5837 | D:6      | Reached skill level 5 in Armour
  6148 | D:7      | Reached ** piety under Nemelex Xobeh
  6168 | D:7      | Received a gift from Nemelex Xobeh
  6175 | D:7      | Slain by an iguana

Illustrated notes

Levels and vault maps discovered:
D:1:      eino_arrival_cavern_b, layout_basic, st_stairs_10,
          chequers_mini_garden
D:2:      layout_loops_ring, shapermc_ecumenical_altar_pompeii
D:3:      layout_basic, nemelex_altar_shiori, gammafunk_ghost_gnarly_gnolls,
          uniq_grinder
D:4:      layout_basic
D:5:      layout_loops_ring, nicolae_hepliaklqana_ecumenical_no_more
D:6:      layout_basic, minmay_temple_entry_ruins, uniq_edmund
D:7:      minmay_the_grid_plus_closed [minmay_the_grid_garden,
          minmay_the_grid_mess, minmay_the_grid_minigrid_large,
          minmay_the_grid_pillar_ring, minmay_the_grid_prize_big_room],
          layout_cave_pools, mainiacjoe_overflow_surrounded_room,
          minmay_microvault, uniq_duvessa, uniq_crazy_yiuf_cottage
Temple:   dpeg_five_rooms_temple

Skill      XL: |  1  2  3  4  5  6  7  8 |
---------------+-------------------------+-----
Polearms       | 4 5 6 8 9 11 | 11.6
Armour         | 5 |  5.3
Invocations    | 4 |  4.4
Fighting       | |  2.4
Throwing       | |  2.0
Dodging        | |  3.2

Action                   |  1- 3 |  4- 6 |  7- 9 || total
-------------------------+-------+-------+-------++-------
Melee: Trident           |    52 |   104 |    20 ||   176
       Headbutt          |     6 |    14 |    25 ||    45
       Halberd           |       |       |   109 ||   109
Throw: Javelin           |     4 |    15 |    33 ||    52
Invok: Draw Escape       |       |       |     1 ||     1
  Use: Scroll            |     1 |     1 |     5 ||     7
Armor: Leather armour    |     9 |       |       ||     9
       Ring mail         |     2 |    15 |       ||    17
       Chain mail        |       |    15 |    33 ||    48
       Plate armour      |       |       |    21 ||    21
Dodge: Dodged            |    40 |    25 |    41 ||   106

Table legend: (Time is in decaauts)
 A = Elapsed time spent in this place.
 B = Non-inter-level travel time spent in this place.
 C = Inter-level travel time spent in this place.
 D = Time resting spent in this place.
 E = Time spent auto-exploring this place.
 F = Levels seen in this place.
 G = Mean time per level.
                   A        B        C        D        E       F      G
               +--------+--------+--------+--------+--------+-----+--------+
         Total |   6179 |   5951 |    228 |   1274 |   3411 |   8 |  772.4 |
       Dungeon |   5864 |   5666 |    198 |   1274 |   3138 |   7 |  837.7 |
        Temple |    314 |    284 |     30 |      0 |    273 |   1 |  314.0 |
               +--------+--------+--------+--------+--------+-----+--------+

Top non-repeatable levels by time:
     D:5: 1510 daAuts
     D:1: 1047 daAuts
     D:4: 856 daAuts
     D:3: 787 daAuts
     D:6: 761 daAuts
     D:2: 737 daAuts
  Temple: 314 daAuts
     D:7: 163 daAuts
